 Dungeon Crawl Stone Soup version 0.28-b1-70-g80dc712255 (webtiles) character file.

Game seed: 7553025039649746156

168 tizbic2 the Charlatan (level 5, -4/25 HPs)
             Began as a Vine Stalker Artificer on Feb 4, 2022.
             Slain by an orc priest (9 damage)
             ... on level 3 of the Dungeon.
             The game lasted 00:16:20 (3533 turns).

tizbic2 the Charlatan (Vine Stalker Artificer)      Turns: 3533, Time: 00:16:20

Health: -4/25      AC:  9    Str: 15 (16) XL:     5   Next: 48%
Magic:  0/2        EV:  6    Int:  9 (11) God:
Gold:   84         SH: 12    Dex: 15      Spells: 4/4 levels left

rFire   . . .      SeeInvis .   a - +2 dagger (antimagic)
rCold   . . .      Faith    .   s - +0 tower shield
rNeg    . . .      Spirit   +   f - +0 ring mail
rPois   .          Reflect  .   k - +2 helmet
rElec   .          Harm     .   j - +0 cloak
rCorr   .          Rampage  .   (no gloves)
Will    .....                   (no boots)
Stlth   +.........              (no amulet)
HPRegen 0.88/turn               (no ring)
MPRegen 0.08/turn               (no ring)

@: no status effects
A: fangs 2, regeneration 1, magic shield, antimagic bite, no potion heal 2
a: no special abilities


You were on level 3 of the Dungeon.
You visited 1 branch of the dungeon, and saw 4 of its levels.

You collected 84 gold pieces.

Inventory:

Hand Weapons
 a - a +2 antimagic dagger (weapon)
 q - a +0 hunting sling
Missiles
 l - 92 stones
 v - 14 sling bullets
Armour
 f - a +0 ring mail (worn)
 j - a +0 cloak (worn)
 k - a +2 helmet (worn)
 s - a +0 tower shield (worn)
Magical Staves
 w - a staff of earth
Wands
 c - a wand of flame (5) (quivered)
 d - a wand of charming (15)
Potions
 m - a potion of resistance {unknown}
 o - a potion of mutation {unknown}
 r - a potion of lignification {unknown}
 u - a potion of curing {unknown}
 x - a potion of berserk rage {unknown}
Miscellaneous
 e - a piece from Xom's chessboard (15/15)


   Skills:
 - Level 0.8 Fighting
 * Level 2.5 Staves
 - Level 1.5 Armour
 - Level 0.7 Dodging
 - Level 1.2 Stealth
 + Level 1.5 Shields
 - Level 4.2 Evocations


You had 4 spell levels left.
You didn't know any spells.
Your spell library was empty.

Dungeon Overview and Level Annotations

Branches:
Dungeon (4/15)
 Temple: D:4-7

Altars:


Innate Abilities, Weirdness & Mutations

You have extremely sharp teeth.
Your natural rate of healing is unusually fast.
When hurt, damage is shared between your health and your magic reserves.
Your bite disrupts and absorbs the magic of your enemies.
Potions cannot restore your health.


Message History

You climb downwards.
The orc shouts!
The orc priest shouts!
The orc shouts!
You hear a shout!
There is a stone staircase leading up here.
The orc priest invokes the aid of Beogh against you.
Beogh smites you!
The orc shouts!
The kobold shouts!
You climb upwards.
There is a stone staircase leading down here.
The orc priest calls down the wrath of Beogh upon you.
Beogh smites you!
You hit the orc priest but do no damage.
The orc priest hits you with a +0 morningstar!
You feel magic leave you.
a - a +2 antimagic dagger (weapon)
The orc priest hits you with a +0 morningstar.
* * * LOW HITPOINT WARNING * * *
You hit the orc priest.
The orc priest is moderately wounded.
The orc priest calls down the wrath of Beogh upon you.
Pain shoots through your body!
* * * LOW HITPOINT WARNING * * *
Okay, then.
As you read the scroll of summoning, it crumbles to dust.
Wisps of shadow whirl around you... You block the orc priest's attack.
You swap places.
Your bat hits the orc priest but does no damage.
The orc priest closely misses your hobgoblin.
Your bat hits the orc priest but does no damage.
Your hobgoblin hits the orc priest but does no damage.
The orc priest hits your hobgoblin with a +0 morningstar.
Your bat hits the orc priest but does no damage.
Your hobgoblin hits the orc priest.
Your bat hits the orc priest but does no damage.
Your hobgoblin hits the orc priest but does no damage.
You hit the orc priest but do no damage.
Your bite misses the orc priest.
The orc priest is heavily wounded.
Your bat barely misses the orc priest.
The orc priest hits you with a +0 morningstar!
You die...

##.#####.#.##.#.# ### #.
#####...## ###..##..## ##.
#........# ##........### #..
#.###...## #...........##### #..
##.####.##**#...............# #..
#......###...#........#####.###<.
#..###.# #...#...>....#..##......
#...##.# #.......g.....#.........
#...##.# #......@ow....#.##......
#...##.# #...#....b...#.....#.#..
#.#.##.# ######..##..###.####.#..
#...<..# #.#..##.##.# #.#..
###.#### #..........# #.#.. #.#
#######>###.##.# #.#.. #.#
####..####........# #.... #.#
#.......######.#### ###.#
#.####.##..#.######.#########.#


You could see an orc priest (ally target), a friendly dart slug (summoned), a
friendly hobgoblin (summoned) and a friendly bat (summoned).

Vanquished Creatures
  A centaur zombie (D:3)
  Jessica (D:3)
  Robin (D:2)
  2 adders (D:2)
  A worm (D:2)
  2 orcs (D:3)
  7 bats
  7 endoplasms
  3 giant cockroaches
  15 goblins
  8 hobgoblins
  6 kobolds (D:1)
  A quokka (D:1)
  4 ball pythons
  3 frilled lizards
  5 rats
  A spectral kobold (D:2)
68 creatures vanquished.

Notes
Turn   | Place    | Note
-------+----------+-------------------------------------------
     0 | D:1      | tizbic2 the Vine Stalker Artificer began the quest for the
                  | Orb.
     0 | D:1      | Reached XP level 1. HP: 9/9 MP: 2/2
   210 | D:1      | Reached skill level 3 in Evocations
   279 | D:1      | Reached XP level 2. HP: 14/14 MP: 3/3
   768 | D:1      | Reached skill level 1 in Staves
   994 | D:1      | Reached XP level 3. HP: 12/17 MP: 4/4
  1816 | D:2      | Noticed Robin
  2343 | D:2      | Killed Robin
  2344 | D:2      | Gained mutation: Your natural rate of healing is unusually
                  | fast. [Vine Stalker growth]
  2344 | D:2      | Reached XP level 4. HP: 10/21 MP: 1/5
  2449 | D:2      | Found a faded altar of an unknown god.
  2469 | D:2      | Reached skill level 4 in Evocations
  3152 | D:3      | Reached skill level 1 in Shields
  3152 | D:3      | Reached XP level 5. HP: 23/25 MP: 2/6
  3257 | D:3      | Noticed Jessica
  3269 | D:3      | Killed Jessica
  3528 | D:3      | HP: 1/25 [orc priest/nerve-wracking pain (8)]
  3533 | D:3      | Slain by an orc priest

Illustrated notes

Levels and vault maps discovered:
D:1:      ncdulo_halloftheorcs, layout_basic
D:2:      layout_basic, dreamdust_ecumenical_altar_drowned_temple,
          minmay_quantized, uniq_robin
D:3:      layout_loops_cross, st_stairs_5, minmay_misc_feat_pillars,
          uniq_jessica
D:4:      layout_cave_pools, kennysheep_vampire_church

Skill      XL: |  1  2  3  4 |
---------------+-------------+-----
Evocations     | 3 4 |  4.2
Staves         | 1 2 |  2.5
Shields        | 1 |  1.5
Fighting       | |  0.8
Armour         | |  1.5
Dodging        | |  0.7
Stealth        | |  1.2

Action                   |  1- 3 |  4- 6 || total
-------------------------+-------+-------++-------
Melee: Club              |   121 |       ||   121
       Bite              |    34 |    24 ||    58
       Punch             |     3 |       ||     3
       Dagger            |     8 |    68 ||    76
       Staff             |       |    30 ||    30
 Fire: Hunting sling     |       |     8 ||     8
Evoke: Wand              |     9 |     1 ||    10
  Use: Potion            |     2 |       ||     2
       Scroll            |     1 |     7 ||     8
Armor: Leather armour    |     4 |       ||     4
       Ring mail         |    51 |    47 ||    98
Dodge: Dodged            |    80 |    39 ||   119
Block: Tower shield      |       |    37 ||    37
